 Dungeon Crawl Stone Soup version 0.31-a0-833-gc15d34cb79 (webtiles) character file.

Game seed: 3436656021104011820

1483 javelincjr the Ruffian (level 8, 0/60 HPs)
             Began as a Demonspawn Shapeshifter on Sept 25, 2023.
             Was an Initiate of Qazlal.
             Slain by an orc wizard
             ... wielding a +0 dagger of protection
              (2 damage)
             ... on level 6 of the Dungeon.
             The game lasted 00:13:42 (5191 turns).

javelincjr the Ruffian (Demonspawn Shapeshifter)    Turns: 5191, Time: 00:13:42

Health: 0/60       AC:  2    Str: 16 (17) XL:     8   Next: 50%
Magic:  9/9        EV: 13    Int:  8 (11) God:    Qazlal [......]
Gold:   42         SH:  0    Dex: 11 (13) Spells: 7/7 levels left

rFire   . .          .
                       - Unarmed
rCold   . . .        (no shield)
rNeg    . . .        h - +0 animal skin
rPois   .            (helmet currently unavailable)
rElec   .            (cloak currently unavailable)
rCorr   .            (gloves currently unavailable)
SInv    +            (boots currently unavailable)
Will    ++...        t - amulet of regeneration
Stlth   +            u - ring of see invisible
HPRegen 1.10/turn    q - ring of willpower
MPRegen 0.11/turn

%: no passive effects
@: beast-form, enlightened, flying
A: beast (slay +3), demonic guardian 1, spiny 2, demonic touch 2, deterioration
1
a: Begin Untransformation, Renounce Religion


You were on level 6 of the Dungeon.
You worshipped Qazlal.
Qazlal was noncommittal.
You were a hulking beast.
You visited 1 branch of the dungeon, and saw 6 of its levels.

You collected 237 gold pieces.
You spent 195 gold pieces at shops.

Inventory:

Hand Weapons
 a - a +0 sling of flaming
 g - a +1 dagger of flaming
Missiles
 f - 76 stones
 m - 25 poisoned darts
Armour
 h - a +0 animal skin (worn)
 C - an orb of wrath
Jewellery
 p - a ring of magical power
 q - a ring of willpower (right hand)
 r - a ring of willpower
 t - an amulet of regeneration (around neck)
 u - a ring of see invisible (left hand)
Talismans
 c - a beast talisman (active)
 d - a flux talisman
 e - a blade talisman
Scrolls
 i - 4 scrolls of immolation
 l - a scroll of fog {unknown}
 n - 2 scrolls of amnesia {unknown}
 o - a scroll of acquirement {unknown}
 s - 2 scrolls of fear
 v - a scroll of blinking {unknown}
 w - 4 scrolls of noise
 x - a scroll of poison {unknown}
 y - 3 scrolls of identify {unknown}
 B - 2 scrolls of teleportation
 D - a scroll of vulnerability {unknown}
Potions
 b - a potion of lignification
 j - a potion of mutation
 z - 3 potions of enlightenment
 A - a potion of magic {unknown}
 E - a potion of heal wounds {unknown}


   Skills:
 + Level 4.1 Fighting
 + Level 4.1 Dodging
 * Level 6.1 Unarmed Combat
 + Level 2.2 Invocations
 * Level 5.8 Shapeshifting


You had 7 spell levels left.
You didn't know any spells.
Your spell library contained the following spells:

 Spells                   Type           Power      Damage    Failure   Level
 Kiss of Death            Conj/Necr      0%         2d5       41%         1
 Sublimation of Blood     Necr           0%         N/A       54%         2
 Wereblood                Tmut           0%         N/A       54%         2
 Confusing Touch          Hex            0%         N/A       78%         3
 Dispel Undead            Necr           0%         3d6       99%         4
 Passage of Golubria      Tloc           0%         N/A       99%         4
 Silence                  Hex/Air        0%         N/A       100%        5
 Summon Hydra             Summ           0%         N/A       100%        7
 Lehudib's Crystal Spear  Conj/Erth      0%         10d2      100%        8


Dungeon Overview and Level Annotations

Branches:
Dungeon (6/15)
 Temple: D:4-7

Altars:
Cheibriados
Dithmenos
Gozag
Hepliaklqana
Qazlal
Vehumet
Wu Jian

Shops:
D:3 *   D:5 :::?*


Innate Abilities, Weirdness & Mutations

You are a hulking beast.
Your limbs bulge with bestial killing power. (Slay +3)
A weak demonic guardian rushes to your aid.
You are mostly covered in sharp spines.
Your touch may inflict irresistible damage on your foes.
Your body sometimes deteriorates upon taking damage.


Message History

You feel sick. The orc priest barely misses you.
The orc wizard hits your ufetubus with a +0 dagger of protection.
Your ufetubus barely misses the orc priest.
Your ufetubus hits the orc priest. You punch the orc priest!
You kill the orc priest!
Qazlal accepts your kill.
You feel sick.
The orc wizard hits your ufetubus with a +0 dagger of protection.
You feel sick.
The orc wizard gestures at you while chanting.
The puff of flame hits your ufetubus!
Your ufetubus is burned terribly!
Your ufetubus dies!
Your ufetubus disappears in a puff of smoke!
You feel sick.
The orc wizard gestures at you while chanting.
The magic dart hits you!
* * * LOW HITPOINT WARNING * * *
An adder comes into view.
The adder hisses angrily.
Things that are here:
a +0 dagger; a +0 robe It was a potion of mutation.
You feel extremely strange.
You feel yourself wasting away.
You feel sick.
It was a potion of degeneration.
There was something very wrong with that liquid.
You feel weakened.
You feel dopey.
You feel clumsy.
You feel sick.
The orc wizard is struck by your spines.
The orc wizard hits you with a +0 dagger of protection.
* * * LOW HITPOINT WARNING * * *
A demonic guardian appears!
It was a potion of enlightenment.
You feel very buoyant.
You fly up into the air.
You feel sick.
You are no longer poisoned.
The orc wizard hits you with a +0 dagger of protection.
You die...

########.#..#..#..⌠..#.....#.#
...........###...⌠⌠⌠..8 .8.. .
#######..#..#..#..⌠..#. .#. .
##.#.....#..... #.###.###
#.### #.......#.....#
....#####.#.$.?.# #####
#.)5.!... #h#.$.(.# #o#.?...#
.S# #.### .... ... ....# ...
.....# .. ##.#... #.#...


You could see an orc wizard (invisible), an adder and a friendly white imp
(summoned).

Vanquished Creatures
  Sigmund (D:3)
  Eustachio (D:5)
  A water moccasin (D:6)
  A black bear (D:6)
  An ice beast (D:5)
  An ogre (D:4)
  A centaur (D:4)
  Blork the orc (D:5)
  A howler monkey (D:5)
  2 hounds (D:6)
  2 jellies
  2 orc priests (D:6)
  Terence (D:3)
  4 iguanas
  4 orc wizards
  12 adders
  An ufetubus (D:2)
  2 dart slugs
  7 orcs
  6 ball pythons
  10 bats
  5 endoplasms
  5 giant cockroaches
  10 goblins
  8 hobgoblins
  6 jackals
  2 quokkas
  5 frilled lizards
  10 kobolds
  7 rats
120 creatures vanquished.

Vanquished Creatures (collateral kills)
  A dart slug (D:4)
  2 orcs (D:5)
3 creatures vanquished.

Grand Total: 123 creatures vanquished

Notes
Turn   | Place    | Note
-------+----------+-------------------------------------------
     0 | D:1      | javelincjr the Demonspawn Shapeshifter began the quest for
                  | the Orb.
     0 | D:1      | Reached XP level 1. HP: 15/15 MP: 1/1
   203 | D:1      | Gained mutation: Your touch may inflict minor irresistible
                  | damage on your foes. [demonic ancestry]
   203 | D:1      | Reached XP level 2. HP: 21/21 MP: 2/2
   489 | D:1      | Found a faded altar of an unknown god.
   736 | D:1      | Reached skill level 3 in Unarmed Combat
  1002 | D:2      | Gained mutation: You are partially covered in sharp spines.
                  | [demonic ancestry]
  1002 | D:2      | Reached XP level 3. HP: 26/26 MP: 3/3
  1384 | D:2      | Reached XP level 4. HP: 32/33 MP: 4/4
  2092 | D:3      | Found a shadowy altar of Dithmenos.
  2294 | D:3      | Found a snail-covered altar of Cheibriados.
  2430 | D:3      | Found an opulent altar of Gozag.
  2432 | D:3      | Found Gozag's Platinum Reserve.
  2543 | D:3      | Noticed Sigmund
  2552 | D:3      | Killed Sigmund
  2553 | D:3      | Reached skill level 4 in Unarmed Combat
  2553 | D:3      | Gained mutation: A weak demonic guardian rushes to your
                  | aid. [demonic ancestry]
  2553 | D:3      | Reached XP level 5. HP: 35/39 MP: 5/5
  2579 | D:3      | Noticed Terence
  2589 | D:3      | Killed Terence
  2590 | D:3      | Gained mutation: You are mostly covered in sharp spines.
                  | [demonic ancestry]
  2590 | D:3      | Reached XP level 6. HP: 23/46 MP: 6/6
  2863 | D:4      | Found a radiant altar of Vehumet.
  2999 | D:4      | Found an ornate altar of the Wu Jian Council.
  3235 | D:4      | HP: 1/46 [ogre/+0 giant spiked club (24)]
  3315 | D:4      | Reached XP level 7. HP: 10/51 MP: 7/7
  3765 | D:5      | Entered Level 5 of the Dungeon
  3887 | D:5      | Found Owkam's Assorted Antiques.
  3890 | D:5      | Noticed Blork the orc
  3900 | D:5      | Killed Blork the orc
  3901 | D:5      | Reached skill level 5 in Unarmed Combat
  3907 | D:5      | Reached skill level 5 in Shapeshifting
  3923 | D:5      | Bought a scroll labelled JUEMUT DEOSOA for 24 gold pieces
  3923 | D:5      | Bought a red potion for 21 gold pieces
  3923 | D:5      | Bought a scroll labelled YNOHET ULLEMM for 24 gold pieces
  3923 | D:5      | Bought a grey potion for 21 gold pieces
  3923 | D:5      | Bought a grey potion for 21 gold pieces
  3972 | D:5      | Noticed Eustachio
  3973 | D:5      | Found Hufael's Magic Scroll Emporium.
  4008 | D:5      | Killed Eustachio
  4009 | D:5      | Gained mutation: Your touch may inflict irresistible damage
                  | on your foes. [demonic ancestry]
  4009 | D:5      | Reached XP level 8. HP: 34/59 MP: 8/8
  4113 | D:5      | Bought a scroll of teleportation for 36 gold pieces
  4113 | D:5      | Bought a scroll of fear for 48 gold pieces
  4146 | D:5      | Found Cumeumaisa's Book Shoppe.
  4215 | D:5      | Found Faidapn's Book Shop.
  4321 | D:5      | Found Yrrir's Book Shoppe.
  4438 | D:5      | Found a hazy altar of Hepliaklqana.
  4448 | D:5      | Found a stormy altar of Qazlal.
  4453 | D:5      | Became a worshipper of Qazlal Stormbringer
  4976 | D:6      | Reached skill level 1 in Invocations
  5128 | D:6      | Reached skill level 6 in Unarmed Combat
  5189 | D:6      | Gained mutation: Your body sometimes deteriorates upon
                  | taking damage. [potion of mutation]
  5190 | D:6      | HP: 2/60 [orc wizard/+0 dagger of protection (3)]
  5191 | D:6      | Slain by an orc wizard

Illustrated notes

Levels and vault maps discovered:
D:1:      sevenhm_arrival_forest_fort_large_2, layout_basic, serial_curves,
          eino_curves_01, eino_curves_03, chequers_ecumenical_altar_twisty
D:2:      layout_loops_ring, kennysheep_small_spiral, minmay_tromino_v4_a
D:3:      layout_loops_ring, nicolae_gozag_zags_fifth_avenue,
          mainiacjoe_overflow_alcove_4, kennysheep_slug_shrine, st_stairs_14,
          serial_bayou_pond_e, uniq_sigmund, uniq_terence
D:4:      layout_rooms, mainiacjoe_overflow_alcove_2,
          mainiacjoe_overflow_catwalk_spiral, hex_large,
          kennysheep_generic_room_14
D:5:      layout_basic, mainiacjoe_overflow_big_doors,
          mainiacjoe_overflow_alcove_1, serial_shops,
          nicolae_shop_gibbet_a_chance, shop, nicolae_square_shop,
          nicolae_shop_window_shopping, nicolae_shop_dealshenge,
          uniq_blork_the_orc, uniq_eustachio
D:6:      layout_basic, minmay_chambers_of_fives, uniq_edmund

Skill      XL: |  1  2  3  4  5  6  7  8 |
---------------+-------------------------+-----
Dodging        | 2 3 4 |  4.1
Unarmed Combat | 3 4 5 6 |  6.1
Shapeshifting  | 3 4 5 |  5.8
Fighting       | 2 3 4 |  4.1
Invocations    | 2 |  2.2

Action                     |  1- 3 |  4- 6 |  7- 9 || total
---------------------------+-------+-------+-------++-------
  Melee: Unarmed           |    81 |    68 |    85 ||   234
         Punch             |     1 |     1 |     1 ||     3
         Touch             |     9 |    10 |    21 ||    40
   Fire: Sling             |     7 |     4 |     8 ||    19
    Use: Potion            |       |       |     3 ||     3
         Scroll            |       |       |     2 ||     2
   Stab: Sleeping          |     3 |     3 |     2 ||     8
 Armour: Animal skin       |    38 |    29 |    35 ||   102
  Dodge: Dodged            |    34 |    35 |    42 ||   111

Table legend: (Time is in decaauts)
 A = Elapsed time spent in this place.
 B = Non-inter-level travel time spent in this place.
 C = Inter-level travel time spent in this place.
 D = Time resting spent in this place.
 E = Time spent auto-exploring this place.
 F = Levels seen in this place.
 G = Mean time per level.
                   A        B        C        D        E       F      G
               +--------+--------+--------+--------+--------+-----+--------+
         Total |   5175 |   5023 |    152 |    301 |   3974 |   6 |  862.5 |
       Dungeon |   5175 |   5023 |    152 |    301 |   3974 |   6 |  862.5 |
               +--------+--------+--------+--------+--------+-----+--------+

Top non-repeatable levels by time:
     D:5: 1185 daAuts
     D:1: 998 daAuts
     D:2: 988 daAuts
     D:4: 970 daAuts
     D:3: 799 daAuts
     D:6: 234 daAuts
